 Dungeon Crawl Stone Soup version 0.29-a0-352-g0917bc69df (webtiles) character file.

Game seed: 3273319670481083995

634 Shayle the Sneak (level 7, -1/66 HPs)
             Began as a Tengu Brigand on Apr 24, 2022.
             Was an Initiate of Gozag.
             Killed from afar by a steam dragon (7 damage)
             ... with a ball of steam
             ... on level 5 of the Dungeon.
             The game lasted 00:11:33 (4120 turns).

Shayle the Sneak (Tengu Brigand)                    Turns: 4120, Time: 00:11:34

Health: -1/66      AC:  7    Str: 11    XL:     7   Next: 49%
Magic:  8/8        EV: 14    Int: 14    God:    Gozag
Gold:   437        SH:  0    Dex: 15    Spells: 6/6 levels left

rFire   + . .      SeeInvis .   r - +2 dagger (drain)
rCold   + . .      Faith    .   (no shield)
rNeg    . . .      Spirit   .   t - +0 ring mail
rPois   +          Reflect  .   (helmet restricted)
rElec   +          Harm     .   c - +0 cloak
rCorr   +          Rampage  .   k - +0 pair of gloves
Will    .....                   (boots unavailable)
Stlth   ..........              (no amulet)
HPRegen 0.21/turn               (no ring)
MPRegen 0.11/turn               (no ring)

@: berserking, resistant, flying quickly and evasively, hasted, very quick
A: beak, talons 3, nimble flight
a: Renounce Religion, Potion Petition, Call Merchant, Bribe Branch


You were on level 5 of the Dungeon.
You worshipped Gozag.
Gozag was aware of your devotion.
You visited 2 branches of the dungeon, and saw 6 of its levels.

You collected 527 gold pieces.
You paid 90 gold pieces to Gozag.

Inventory:

Hand Weapons
 a - a +2 dagger of flaming
 r - a +2 dagger of draining (weapon)
 x - a +1 vorpal shortbow
Missiles
 d - 16 poisoned darts (quivered)
 e - 2 curare-tipped darts
Armour
 b - a +0 robe
 c - a +0 cloak (worn)
 k - a +0 pair of gloves (worn)
 t - a +0 ring mail (worn)
Wands
 l - a wand of iceblast (6)
Scrolls
 h - a scroll of vulnerability
 j - a scroll of teleportation
 m - a scroll of immolation
 n - a scroll of fog
 q - a scroll of identify
 u - a scroll of acquirement {unknown}
Potions
 f - a potion of haste
 g - a potion of curing
 i - 2 potions of might
 o - a potion of resistance
 s - a potion of heal wounds {unknown}
 v - a potion of invisibility {unknown}
 z - a potion of lignification {unknown}


   Skills:
 + Level 4.9 Fighting
 - Level 2.1 Short Blades
 - Level 2.0 Throwing
 + Level 5.0 Dodging
 + Level 6.3 Stealth


You had 6 spell levels left.
You didn't know any spells.
Your spell library contained the following spells:

 Spells                   Type           Power      Damage    Failure   Level
 Beastly Appendage        Tmut           0%         N/A       56%         1
 Blink                    Tloc           0%         N/A       71%         2
 Wereblood                Tmut           0%         N/A       71%         2
 Lesser Beckoning         Tloc           0%         N/A       91%         3
 Spider Form              Tmut/Pois      0%         N/A       91%         3
 Airstrike                Air            0%         N/A       100%        4
 Petrify                  Tmut/Erth      0%         N/A       100%        4
 Summon Lightning Spire   Summ/Air       0%         N/A       100%        4
 Lightning Bolt           Conj/Air       0%         1d11      100%        5
 Manifold Assault         Tloc           0%         N/A       100%        5
 Metabolic Englaciation   Hex/Ice        0%         N/A       100%        5
 Statue Form              Tmut/Erth      0%         N/A       100%        6


Dungeon Overview and Level Annotations

Branches:
Dungeon (5/15)             Temple (1/1) D:4

Altars:
Cheibriados
Dithmenos
Fedhas
Gozag
Kikubaaqudgha
Ru
Sif Muna
Trog
Uskayaw
Wu Jian
Xom
Yredelemnul
Zin


Innate Abilities, Weirdness & Mutations

You have a beak for a mouth.
You have claws for feet.
Your magical nature lets you fly swiftly and evasively.


Message History

You are engulfed in a cloud of scalding steam.
You see here a scroll labelled FARAMA NISU.
u - a scroll labelled FARAMA NISU The steam dragon bites you but does no damage.
The steam dragon claws you.
* * * LOW HITPOINT WARNING * * *
Unknown command.
You sense an unholy aura.
r - a +2 dagger of draining (weapon)
The steam dragon bites you!
* * * LOW HITPOINT WARNING * * *
The steam dragon claws you but does no damage.
Okay, then.
You feel better. The steam dragon bites you.
* * * LOW HITPOINT WARNING * * *
The steam dragon completely misses you.
You feel better. The steam dragon misses you.
The steam dragon claws you but does no damage.
It was a potion of resistance.
You feel protected. The steam dragon bites you.
* * * LOW HITPOINT WARNING * * *
The steam dragon barely misses you.
You closely miss the steam dragon.
The steam dragon is lightly wounded.
The steam dragon misses you. The steam dragon claws you.
* * * LOW HITPOINT WARNING * * *
Unknown command.
It was a potion of haste.
You feel yourself speed up. The steam dragon barely misses you.
The steam dragon claws you.
* * * LOW HITPOINT WARNING * * *
It was a potion of berserk rage.
A red film seems to cover your vision as you go berserk!
You feel yourself moving faster!
You feel mighty!
You closely miss the steam dragon. Your peck misses the steam dragon.
The steam dragon is lightly wounded.
The steam dragon breathes steam at you. The ball of steam hits you! You resist.
You die...
Your body crumbles into a pile of gold.

............#
#..............#
#..............#
#..............#
#..............#
##.........<....#
#..............##
###....D......###
. #.....@......##
#...
....###......##
##...>. .
##.....#
##.......
#####.###........
##.#.........
##.#........
#.......... ###
##......... ##
##.## ##........


You could see a steam dragon (catching breath).

Vanquished Creatures
  An ogre (D:4)
  A centaur (D:4)
  3 orc priests (D:5)
  3 iguanas (D:5)
  Jessica (D:3)
  Ijyb (D:5)
  An orc wizard (D:5)
  4 gnolls
  8 adders
  A shadow imp (D:3)
  An ufetubus (D:4)
  3 worms
  2 dart slugs
  6 orcs
  11 ball pythons
  7 endoplasms
  2 giant cockroaches (D:1)
  9 goblins
  9 hobgoblins
  5 kobolds
  2 quokkas (D:1)
  A ball python zombie (D:3)
  5 bats
  6 frilled lizards
  A quokka zombie (D:3)
  2 rats
96 creatures vanquished.

Notes
Turn   | Place    | Note
-------+----------+-------------------------------------------
     0 | D:1      | Shayle the Tengu Brigand began the quest for the Orb.
     0 | D:1      | Reached XP level 1. HP: 12/12 MP: 2/2
    48 | D:1      | Reached XP level 2. HP: 11/17 MP: 3/3
   385 | D:1      | Found a faded altar of an unknown god.
   633 | D:1      | Reached XP level 3. HP: 22/22 MP: 4/4
  1437 | D:2      | Reached XP level 4. HP: 27/27 MP: 5/5
  1898 | D:3      | Identified the +0 chain mail of Yfog {Rampage}
  2005 | D:3      | Noticed Jessica
  2008 | D:3      | Killed Jessica
  2092 | D:3      | Gained mutation: Your magical nature lets you fly swiftly
                  | and evasively. [Tengu growth]
  2092 | D:3      | Reached XP level 5. HP: 32/32 MP: 6/6
  2104 | D:3      | Found a basalt altar of Yredelemnul.
  2183 | D:3      | Reached skill level 5 in Stealth
  2458 | D:4      | Noticed a centaur
  2463 | D:4      | Killed a centaur
  2464 | D:4      | Reached XP level 6. HP: 38/38 MP: 7/7
  2739 | D:4      | Found a staircase to the Ecumenical Temple.
  2753 | Temple   | Entered the Ecumenical Temple
  2883 | Temple   | Became a worshipper of Gozag Ym Sagoz the Greedy
  3078 | D:4      | Found a bloodstained altar of Trog.
  3087 | D:4      | Found a shimmering altar of Xom.
  3179 | D:4      | Found an ornate altar of the Wu Jian Council.
  3394 | D:5      | Entered Level 5 of the Dungeon
  3394 | D:5      | Noticed a steam dragon
  3554 | D:5      | Reached XP level 7. HP: 44/44 MP: 8/8
  3557 | D:5      | Noticed Ijyb
  3572 | D:5      | Killed Ijyb
  3573 | D:5      | Reached skill level 6 in Stealth
  3922 | D:5      | Reached skill level 5 in Dodging
  4120 | D:5      | Killed from afar by a steam dragon

Illustrated notes

Levels and vault maps discovered:
D:1:      lightli_arrival_chessboard, layout_basic,
          hellmonk_ecumenical_altar_pennies_from_heaven
D:2:      layout_basic, minmay_tetromino_i4
D:3:      minmay_thinvault, layout_basic, lemuel_zombie_altar_yredelemnul,
          uniq_jessica
D:4:      layout_rooms, nicolae_wu_jian_wuxing_cycle, mainiacjoe_overflow_swirl,
          minmay_temple_entry_mist
D:5:      layout_cave_pods, mainiacjoe_overflow_boulevard, marbit_many_paths,
          uniq_ijyb
Temple:   nicolae_temple_figure_zero

Skill      XL: |  1  2  3  4  5  6  7 |
---------------+----------------------+-----
Dodging        | 2 3 4 5 |  5.0
Fighting       | 3 4 |  4.9
Stealth        | 5 6 |  6.3
Short Blades   | |  2.1
Throwing       | |  2.0

Action                   |  1- 3 |  4- 6 |  7- 9 || total
-------------------------+-------+-------+-------++-------
Melee: Dagger            |    64 |    72 |    18 ||   154
       Kick              |    10 |    15 |     8 ||    33
       Peck              |     8 |    13 |     3 ||    24
 Fire: Shortbow          |       |    37 |    39 ||    76
Throw: Dart              |     2 |     9 |       ||    11
  Use: Scroll            |       |     9 |       ||     9
       Potion            |       |       |     5 ||     5
 Stab: Sleeping          |     7 |    11 |       ||    18
Armor: Robe              |    12 |     7 |       ||    19
       Ring mail         |       |    15 |     8 ||    23
Dodge: Dodged            |    50 |    25 |    30 ||   105

Table legend: (Time is in decaauts)
 A = Elapsed time spent in this place.
 B = Non-inter-level travel time spent in this place.
 C = Inter-level travel time spent in this place.
 D = Time resting spent in this place.
 E = Time spent auto-exploring this place.
 F = Levels seen in this place.
 G = Mean time per level.
                   A        B        C        D        E       F      G
               +--------+--------+--------+--------+--------+-----+--------+
         Total |   4030 |   3920 |    110 |    474 |   2373 |   6 |  671.7 |
       Dungeon |   3903 |   3801 |    102 |    474 |   2270 |   5 |  780.6 |
        Temple |    127 |    119 |      8 |      0 |    102 |   1 |  127.0 |
               +--------+--------+--------+--------+--------+-----+--------+

Top non-repeatable levels by time:
     D:1: 928 daAuts
     D:4: 882 daAuts
     D:2: 820 daAuts
     D:3: 665 daAuts
     D:5: 606 daAuts
  Temple: 127 daAuts
